 Dungeon Crawl Stone Soup version 0.17.0-28-g6e173f8 (webtiles) character file.

7707 Ithica the Blocker (level 11, 0/94 HPs)
             Began as a Minotaur Fighter on Nov 28, 2015.
             Was a High Priest of Okawaru.
             Slain by a hill giant
             ... wielding a +0 giant club
              (20 damage)
             ... on level 10 of the Dungeon.
             The game lasted 01:00:45 (13288 turns).

Ithica the Blocker (Minotaur Fighter)              Turns: 13288, Time: 01:00:45

Health: 0/94       AC: 18    Str: 27    XL:     11   Next: 0%
Magic:  10/10      EV: 10    Int:  5    God:    Okawaru [*****.]
Gold:   754        SH: 14    Dex: 13    Spells: 0 memorised, 10 levels left

rFire  . . .     SeeInvis .     s - +2 spear (freeze)
rCold  . . .     Clarity  .     T - +0 plate armour
rNeg   + . .     SustAt   .     c - +1 shield
rPois  +         Gourm    .     (helmet restricted)
rElec  .         Spirit   .     y - +2 cloak {rPois}
rCorr  .         Warding  +     (no gloves)
rMut   .         Stasis   .     (no boots)
MR     .....                    p - amulet of warding
Stlth  ..........               t - ring of flight
                                G - +4 ring of strength

@: not resistant to hostile enchantments, extremely unstealthy
A: retaliatory headbutt, horns 2, agile 1
a: Heroism, Finesse, Renounce Religion, Evoke Flight


You were on level 10 of the Dungeon.
You worshipped Okawaru.
Okawaru was extremely pleased with you.
You were not hungry.

You visited 3 branches of the dungeon, and saw 12 of its levels.
You also visited: Ossuary.

You collected 754 gold pieces.

Inventory:

Hand Weapons
 a - a +0 trident
 e - a +0 hand axe
 n - a +0 whip of freezing
 s - a +2 spear of freezing (weapon)
 u - a +7 long sword of distortion
 w - a +0 blowgun
 V - a cursed -1 falchion
Missiles
 x - 87 poisoned needles
Armour
 b - a +0 scale mail
 c - a +1 shield (worn)
 j - a +0 chain mail
 o - a +0 robe
 y - a +2 cloak of poison resistance (worn)
 z - a +0 scale mail
 H - a cursed -2 helmet
 S - a +0 plate armour
 T - a +0 plate armour (worn)
 W - a +0 scale mail
Jewellery
 f - an uncursed ring of protection from magic
 m - an uncursed ring of ice
 p - an amulet of warding (around neck)
 t - a ring of flight (right hand)
 A - an uncursed amulet of guardian spirit
 G - a +4 ring of strength (left hand)
Wands
 C - a wand of lightning (10)
 I - a wand of disintegration (14)
 J - a wand of magic darts (24)
 L - a wand of flame (40)
 N - a wand of disintegration (12)
 P - a wand of polymorph (2)
 R - a wand of paralysis (20)
Scrolls
 d - a scroll of immolation
 i - 4 scrolls of recharging
 l - a scroll of teleportation
 r - 10 scrolls of remove curse
 D - a scroll of holy word
 F - a scroll of amnesia
 K - a scroll of brand weapon
 M - 2 scrolls of blinking
 O - 3 scrolls of enchant weapon
 U - a scroll of fear
Potions
 k - a potion of flight
 q - 5 potions of poison
 v - a potion of curing
 B - 2 potions of magic
 E - 2 potions of lignification
 Q - a potion of brilliance
Comestibles
 g - a meat ration
 h - 2 slices of pizza


   Skills:
 + Level 8.0 Fighting
 + Level 8.1 Polearms
 + Level 10.1 Armour
 + Level 7.9 Dodging
 + Level 2.1 Stealth
 + Level 11.5 Shields
 + Level 0.6 Invocations


You had 10 spell levels left.
You didn't know any spells.

Dungeon Overview and Level Annotations

Branches:
Dungeon (10/15)            Temple (1/1) D:4             Orc (1/4) D:9
   Lair: D:8-11

Altars:
Ashenzari
Cheibriados
Dithmenos
Elyvilon
Fedhas
Gozag
Kikubaaqudgha
Makhleb
Nemelex Xobeh
Okawaru
Qazlal
Ru
Sif Muna
Trog
Vehumet
Xom
Yredelemnul
Zin
The Shining One


Innate Abilities, Weirdness & Mutations

You reflexively headbutt those who attack you in melee.
You have a pair of horns on your head.
You are agile. (Dex +2)


Message History

The hill giant is severely wounded.
The hill giant hits you with a giant club!
You puncture the hill giant! You freeze the hill giant.
You headbutt the hill giant.
The hill giant is almost dead.
You block the hill giant's attack.
You hit the hill giant. You freeze the hill giant.
The hill giant is almost dead.
You hit the hill giant. You freeze the hill giant.
The hill giant is almost dead.
The hill giant hits you with a giant club!
You hit the hill giant but do no damage.
The hill giant is almost dead.
You completely miss the hill giant.
The hill giant is almost dead.
The hill giant hits you with a giant club!!
* * * LOW HITPOINT WARNING * * *
You feel better.
The hill giant hits you with a giant club!!
You die...

...C....#
#.#.#
#.......
#.# #.#.#
#.......
#.# #.#.#
#.......
#.# #.#.#
#....###
#.# #.#.#
#....# #.#
#.# #....#
#.# #(#
#######
#.#######.#
#....#
#.C@......#
#....#
###########
#....##
##########
#......
#........#
#....##
#........#
#......
#........#
##'#.##
#........#
#.#.#
#........#
#.#.##
#####...##
#.#.#.


You could see a hill giant.

Vanquished Creatures
  The ghost of Peloso the Blocker, a journeyman MiFi of Okawaru (D:10)
  Pikel (D:4)
  An orc sorcerer (D:9)
  A troll (D:10)
  A warg (D:9)
  Grum (D:9)
  A hippogriff (D:7)
  A hungry ghost (D:8)
  2 wolves
  Menkaure (D:7)
  2 sky beasts
  Duvessa (D:5)
  2 slaves (D:4)
  10 orc warriors
  2 phantoms
  A black bear (D:8)
  5 ice beasts
  3 centaurs
  The ghost of Requim the Covered, an amateur HEFi (D:3)
  3 ogres
  A big kobold (D:9)
  Blork the orc (D:4)
  Dowan (D:5)
  3 giant frogs
  A wyvern skeleton (D:9)
  6 scorpions
  3 wights (D:9)
  3 centaur zombies
  4 crimson imps
  6 hounds
  7 orc priests
  2 human zombies
  9 orc wizards
  A giant frog zombie (D:6)
  2 iguanas
  2 giant frog skeletons
  A centaur skeleton (D:4)
  4 worker ants
  A killer bee zombie (D:8)
  2 big kobold zombies (Ossuary)
  2 mummies (Ossuary)
  4 hound skeletons
  A hound zombie (D:6)
  2 worker ant zombies
  11 adders
  A shadow imp (D:10)
  An adder skeleton (D:4)
  An ooze (D:2)
  A worm (D:2)
  5 giant geckos
  64 orcs
  6 bats
  7 giant cockroaches
  A gnoll zombie (D:6)
  7 goblins
  4 hobgoblins
  8 quokkas
  A ball python (D:1)
  2 giant gecko skeletons (D:4)
  8 giant newts
  A goblin zombie (Ossuary)
  4 hobgoblin zombies (Ossuary)
  11 jackals
  A jackal zombie (Ossuary)
  10 kobolds
  10 kobold zombies (Ossuary)
  11 orc zombies (Ossuary)
  4 rats
  3 rat zombies (Ossuary)
293 creatures vanquished.

Notes
Turn   | Place    | Note
--------------------------------------------------------------
     0 | D:1      | Ithica the Minotaur Fighter began the quest for the Orb.
     0 | D:1      | Reached XP level 1. HP: 19/19 MP: 0/0
   137 | D:1      | Found a glowing golden altar of the Shining One.
   455 | D:1      | Reached XP level 2. HP: 27/27 MP: 1/1
   718 | D:2      | Reached skill level 4 in Fighting
   785 | D:2      | Reached XP level 3. HP: 29/33 MP: 2/2
  1326 | D:3      | Noticed Requim's ghost (amateur HEFi)
  2227 | D:3      | Reached skill level 1 in Dodging
  2330 | D:3      | Gained mutation: You are agile. (Dex +2) [potion of beneficial mutation]
  2386 | D:3      | Reached XP level 4. HP: 40/40 MP: 3/3
  2742 | D:4      | Reached XP level 5. HP: 42/47 MP: 4/4
  2747 | D:4      | Reached skill level 5 in Armour
  2988 | D:4      | Noticed a phantom
  3015 | D:4      | Killed a phantom
  3015 | D:4      | Reached skill level 5 in Shields
  3015 | D:4      | Reached XP level 6. HP: 43/53 MP: 5/5
  3242 | D:4      | Found a staircase to the Ecumenical Temple.
  3258 | D:4      | Noticed Blork the orc
  3263 | Temple   | Entered the Ecumenical Temple
  3395 | Temple   | Became a worshipper of Warmaster Okawaru
  3687 | D:3      | Killed Requim's ghost
  3687 | D:3      | Reached skill level 1 in Stealth
  4316 | D:4      | Noticed a slave
  4316 | D:4      | Noticed a slave
  4333 | D:4      | Killed a slave
  4343 | D:4      | Killed a slave
  4373 | D:4      | Noticed Pikel
  4382 | D:4      | Noticed a slave
  4384 | D:4      | Noticed a slave
  4385 | D:4      | Killed Pikel
  4385 | D:4      | Reached * piety under Okawaru
  4385 | D:4      | Reached skill level 5 in Fighting
  4385 | D:4      | Reached skill level 7 in Armour
  4385 | D:4      | Reached XP level 7. HP: 44/61 MP: 6/6
  4450 | D:4      | Reached XP level 8. HP: 63/68 MP: 7/7
  4661 | D:5      | Entered Level 5 of the Dungeon
  4727 | D:5      | Noticed Duvessa
  4727 | D:5      | Noticed Dowan
  4756 | D:5      | Killed Duvessa
  4766 | D:5      | Killed Dowan
  5056 | D:5      | Reached ** piety under Okawaru
  5321 | D:5      | Reached skill level 5 in Dodging
  5595 | D:5      | Reached skill level 8 in Armour
  5873 | D:4      | Killed Blork the orc
  6055 | D:6      | Reached *** piety under Okawaru
  6330 | D:6      | Reached XP level 9. HP: 73/75 MP: 8/8
  6371 | D:6      | Found a sand-covered staircase.
  6384 | Ossuary  | Entered an ossuary
  6612 | Ossuary  | Reached skill level 5 in Polearms
  7505 | D:7      | Identified a scroll of acquirement
  7735 | D:7      | Noticed Menkaure
  7765 | D:7      | Killed Menkaure
  7969 | D:7      | Reached **** piety under Okawaru
  7969 | D:7      | Reached skill level 9 in Shields
  9228 | D:8      | Found a glowing silver altar of Zin.
  9346 | D:9      | Noticed Grum
  9368 | D:8      | Reached XP level 10. HP: 74/84 MP: 9/9
  9419 | D:9      | Killed Grum
  9743 | D:9      | Reached skill level 10 in Shields
 10515 | D:9      | Found a staircase to the Orcish Mines.
 10530 | Orc:1    | Entered Level 1 of the Orcish Mines
 10989 | D:9      | Reached ***** piety under Okawaru
 11610 | Orc:1    | Noticed an orc sorcerer
 11644 | D:9      | Paralysed by an orc sorcerer for 6 turns
 11658 | D:9      | Killed an orc sorcerer
 11658 | D:9      | Reached skill level 11 in Shields
 12405 | D:9      | Reached skill level 10 in Armour
 12425 | D:10     | Entered Level 10 of the Dungeon
 12847 | D:10     | Noticed Peloso's ghost (journeyman MiFi)
 12882 | D:10     | Killed Peloso's ghost
 12968 | D:10     | Reached XP level 11. HP: 94/94 MP: 10/10
 13265 | D:10     | Noticed a hill giant
 13288 | D:10     | Slain by a hill giant

Action                   |  1- 3 |  4- 6 |  7- 9 | 10-12 || total
-------------------------+-------+-------+-------+-------++-------
Melee: Trident           |    81 |       |       |       ||    81
       Spear             |    48 |   148 |   512 |   468 ||  1176
Invok: Heroism           |       |       |       |     3 ||     3
  Use: Scroll            |     9 |     6 |     9 |     6 ||    30
       Potion            |     5 |     3 |     4 |     3 ||    15
  Eat: Fruit             |     2 |     3 |     1 |     4 ||    10
       Beef jerky        |     2 |       |     1 |       ||     3
       Bread ration      |       |     1 |     2 |       ||     3
       Pizza             |       |     1 |       |       ||     1
       Meat ration       |       |       |     2 |     2 ||     4
